[Event "January 9 Early 2024"]
[Site "https://www.chess.com"]
[Date "2024.01.11"]
[Round "6"]
[White "Lopusiewicz, Piotr"]
[Black "Essing, Arnold"]
[Result "1-0"]
[Board "130"]
[TimeControl "180+1"]
[WhiteFideId "1116029"]
[BlackFideId "4619862"]
[WhiteElo "2476"]
[BlackElo "2264"]
[WhiteTeam "POL"]
[BlackTeam "GER"]
[WhiteClock "0:00:20"]
[BlackClock "0:00:13"]

1. d4 d5 2. c4 e6 3. Nf3 c5 4. cxd5 exd5 5. Nc3 Nc6 6. dxc5 d4 7. Na4 Bxc5 8. Nxc5 Qa5+ 9. Bd2 Qxc5 10. b4 Qb6 11. b5 Qxb5 12. e3 Qb6 13. Rb1 Qc7 14. Nxd4 Nxd4 15. exd4 Nf6 16. Bb5+ Bd7 17. Qe2+ Kf8 18. Bxd7 Qxd7 19. O-O h6 20. Qf3 Nd5 21. Rfe1 Rd8 22. Re5 Kg8 23. Rbe1 Kh7 24. Qe4+ g6 25. h4 Kg7 26. h5 Nf6 27. Qf3 Nxh5 28. d5 Rhe8 29. Qe3 Rxe5 30. Qxh6+ Kg8 31. Rxe5 Re8 32. Bc3 Rxe5 33. Bxe5 f6 34. Qxg6+ Qg7 35. Qxh5 fxe5 36. Qe8+ Kh7 37. d6 Qg5 38. Qe7+ 1-0

[Event "January 9 Early 2024"]
[Site "https://www.chess.com"]
[Date "2024.01.11"]
[Round "6"]
[White "Harriott, Tyrell"]
[Black "Papasimakopoulos, Alexandros"]
[Result "0-1"]
[Board "131"]
[TimeControl "180+1"]
[WhiteFideId "2086484"]
[BlackFideId "4244125"]
[WhiteElo "2365"]
[BlackElo "2656"]
[WhiteTeam "USA"]
[BlackTeam "GRE"]
[WhiteClock "0:00:13"]
[BlackClock "0:01:14"]

1. d4 d5 2. e3 Bf5 3. Bd3 Bg6 4. f4 e6 5. Ne2 c5 6. c3 Nc6 7. Ng3 Bxd3 8. Qxd3 g6 9. O-O c4 10. Qc2 f5 11. Nd2 b5 12. Nf3 Nf6 13. Ng5 Qd7 14. b3 h6 15. Nf3 a6 16. bxc4 bxc4 17. Qa4 Bd6 18. Ba3 Nxd4 19. Qxd7+ Kxd7 20. Bxd6 Nxf3+ 21. gxf3 Kxd6 22. e4 Nd7 23. exd5 exd5 24. Rfd1 Rab8 25. Rd4 Nc5 26. Rad1 Nd3 27. Nf1 Rhe8 28. Nd2 Kc6 29. Nxc4 dxc4 30. Rxc4+ Nc5 31. Rd2 Rbd8 32. Rcd4 Rxd4 33. cxd4 Nd7 34. Kf2 Nb6 35. Kg3 Re3 36. Rc2+ Kd6 37. Rc5 Ra3 38. Rc2 a5 39. Rb2 Nc4 40. Rc2 Kd5 41. Re2 a4 42. Re8 Rxa2 43. Rg8 Nd6 44. Rxg6 a3 45. Rxh6 Rg2+ 46. Kxg2 a2 47. Kg3 a1=Q 48. Rh5 Qxd4 49. Rg5 Qg1+ 50. Kh3 Qf1+ 51. Kg3 Kd4 52. Rh5 Ke3 53. Kh4 Kxf4 54. Rg5 Qf2+ 55. Rg3 Qxh2+ 56. Rh3 Qf2+ 57. Kh5 Qxf3+ 58. Rxf3+ Kxf3 59. Kh4 f4 60. Kh3 Ke2 61. Kh2 f3 62. Kg3 f2 63. Kh2 f1=Q 64. Kg3 Nf5+ 65. Kh2 Qf2+ 66. Kh3 Qg3# 0-1

[Event "January 9 Early 2024"]
[Site "https://www.chess.com"]
[Date "2024.01.11"]
[Round "6"]
[White "Rietze, Clemens, Dr."]
[Black "Kiselev, Pavel"]
[Result "0-1"]
[Board "132"]
[TimeControl "180+1"]
[WhiteFideId "24620351"]
[BlackFideId "4191102"]
[WhiteElo "2507"]
[BlackElo "2380"]
[WhiteTeam "GER"]
[BlackTeam "RUS"]
[WhiteClock "0:00:09"]
[BlackClock "0:00:51"]

1. d4 Nf6 2. c4 e6 3. Nf3 d5 4. g3 Bb4+ 5. Nbd2 dxc4 6. Bg2 O-O 7. O-O b5 8. a4 Bd7 9. Ne5 Nd5 10. axb5 c3 11. bxc3 Bxc3 12. Nxd7 Qxd7 13. Ba3 Bxa1 14. Qxa1 Re8 15. Rb1 Qc8 16. e4 Nb6 17. Nb3 N8d7 18. Na5 Nf6 19. Qc3 Qd7 20. Bc5 a6 21. Nc6 axb5 22. Ne5 Qc8 23. Rxb5 Qa6 24. Rb1 Qa2 25. Rc1 Na4 26. Qc4 Qxc4 27. Nxc4 Nxc5 28. dxc5 Ra4 29. Ne3 Nxe4 30. Rb1 Nxc5 31. Bc6 Raa8 32. Bxe8 Rxe8 33. Rc1 Na6 34. Rc6 Ra8 35. Nc4 Kf8 36. Na5 Ke7 37. f4 Kd7 38. Rc4 c5 39. Kf2 Rb8 40. Kf3 Rb5 41. Ra4 Rb4 42. Ra1 Nc7 43. Ra3 Nd5 44. Nb3 c4 45. Nd4 c3 46. Ke4 Nc7 47. Kd3 Rxd4+ 0-1

[Event "January 9 Early 2024"]
[Site "https://www.chess.com"]
[Date "2024.01.11"]
[Round "6"]
[White "Yagupov, Igor"]
[Black "Pourkashiyan, Atousa"]
[Result "0-1"]
[Board "133"]
[TimeControl "180+1"]
[WhiteFideId "4113632"]
[BlackFideId "12502014"]
[WhiteElo "2626"]
[BlackElo "2493"]
[WhiteTeam "RUS"]
[BlackTeam "USA"]
[WhiteClock "0:00:01"]
[BlackClock "0:00:40"]

1. e4 e5 2. Nf3 Nc6 3. Bb5 a6 4. Ba4 d6 5. c3 Bd7 6. O-O g6 7. d4 Bg7 8. Re1 b5 9. Bb3 Nf6 10. Nbd2 O-O 11. Nf1 Bg4 12. d5 Na5 13. Bc2 c6 14. b4 Nc4 15. dxc6 Qc7 16. h3 Bc8 17. a4 Rb8 18. axb5 axb5 19. Ne3 Qxc6 20. Nxc4 Qxc4 21. Bd2 Bb7 22. Bb3 Qc6 23. Bc2 Rfe8 24. Nh2 d5 25. exd5 Qxd5 26. f3 e4 27. Bf4 Rbc8 28. fxe4 Nxe4 29. Bxe4 Rxe4 30. Qxd5 Bxd5 31. Rxe4 Bxe4 32. Bd2 Bxc3 33. Bxc3 Rxc3 34. Re1 f5 35. Rd1 Rb3 36. Rd8+ Kg7 37. Rd7+ Kf6 38. Rxh7 Rxb4 39. Nf3 Bxf3 40. gxf3 Kg5 41. Rg7 Rb2 42. h4+ Kf6 43. Rg8 b4 0-1

[Event "January 9 Early 2024"]
[Site "https://www.chess.com"]
[Date "2024.01.11"]
[Round "6"]
[White "Wendt, Jan-Dietrich"]
[Black "Dubnevych, Maksym"]
[Result "1/2-1/2"]
[Board "134"]
[TimeControl "180+1"]
[WhiteFideId "4623797"]
[BlackFideId "14184001"]
[WhiteElo "2356"]
[BlackElo "2514"]
[WhiteTeam "GER"]
[BlackTeam "UKR"]
[WhiteClock "0:00:29"]
[BlackClock "0:00:05"]

1. Nf3 e6 2. c4 d5 3. g3 Nf6 4. Bg2 Be7 5. O-O c6 6. d4 O-O 7. Nbd2 b6 8. Qc2 Bb7 9. e4 Na6 10. Ne5 c5 11. exd5 exd5 12. dxc5 Nxc5 13. Nb3 Nxb3 14. axb3 Rc8 15. Rxa7 Rc7 16. Bf4 Bd6 17. Rd1 Qb8 18. Raa1 Rd8 19. Nd3 dxc4 20. bxc4 Bxg2 21. Kxg2 Qb7+ 22. Kg1 Bxf4 23. Nxf4 Rdc8 24. b3 b5 25. Rac1 bxc4 26. bxc4 Qf3 27. Qe2 Qxe2 28. Nxe2 g6 29. Rd4 Ne8 30. Nf4 Rc5 31. h4 R5c6 32. Nd5 Kf8 33. Ne3 Nd6 34. Kg2 Nb7 35. Rcd1 Na5 36. h5 Nxc4 37. Nxc4 Rxc4 38. Rd8+ Kg7 39. Rxc8 Rxc8 1/2-1/2

[Event "January 9 Early 2024"]
[Site "https://www.chess.com"]
[Date "2024.01.11"]
[Round "6"]
[White "Aradhya, Garg"]
[Black "Manukian, Artak"]
[Result "1-0"]
[Board "135"]
[TimeControl "180+1"]
[WhiteFideId "25006746"]
[BlackFideId "13301373"]
[WhiteElo "2722"]
[BlackElo "2497"]
[WhiteTeam "IND"]
[BlackTeam "ARM"]
[WhiteClock "0:00:36"]
[BlackClock "0:00:02"]

1. d4 Nf6 2. c4 e6 3. Nf3 b6 4. a3 Bb7 5. Nc3 d5 6. Qc2 Nbd7 7. cxd5 exd5 8. Bf4 c6 9. h3 Be7 10. e3 O-O 11. Bd3 Re8 12. O-O Nf8 13. Rfd1 Rc8 14. b4 Bd6 15. Bg5 h6 16. Bh4 g5 17. Bg3 Bxg3 18. fxg3 Rxe3 19. Ne5 Rxg3 20. Qf2 Rxd3 21. Rxd3 Ng6 22. Rf3 Nf4 23. Rxf4 gxf4 24. Qxf4 Ba6 25. Qxh6 Nh7 26. Nxc6 Qe8 27. b5 Bxb5 28. Nxb5 Rxc6 29. Qd2 Rg6 30. Nc3 Ng5 31. Kh1 Ne4 32. Nxe4 Qxe4 33. Rf1 a5 34. Rf4 Qe6 35. Qf2 Kg7 36. Rf5 f6 37. g4 Qe4+ 38. Kh2 Qe7 39. Rxd5 1-0

[Event "January 9 Early 2024"]
[Site "https://www.chess.com"]
[Date "2024.01.11"]
[Round "6"]
[White "Potkin, Vladimir"]
[Black "Manon-og, Ramon Jr."]
[Result "1-0"]
[Board "136"]
[TimeControl "180+1"]
[WhiteFideId "4131061"]
[BlackFideId "5200776"]
[WhiteElo "2672"]
[BlackElo "2372"]
[WhiteTeam "RUS"]
[BlackTeam "PHI"]
[WhiteClock "0:00:20"]
[BlackClock "0:00:01"]

1. Nf3 Nf6 2. c4 g6 3. Nc3 c5 4. d4 cxd4 5. Nxd4 Bg7 6. e4 d6 7. Be2 Nc6 8. Be3 O-O 9. O-O Ne5 10. h3 Bd7 11. f4 Nc6 12. Rc1 Qb6 13. Nf5 Qxb2 14. Nxg7 Kxg7 15. e5 Ne8 16. Nd5 dxe5 17. Rb1 Qxa2 18. Rxb7 Bc8 19. Rxe7 Nxe7 20. Nxe7 Bb7 21. fxe5 Qa3 22. Bg5 Qc5+ 23. Rf2 Qxe5 24. Qc1 Kh8 25. Qa3 Ng7 26. Bf6 Qe6 27. Qb2 h5 28. Bxg7+ Kh7 29. Bxf8 Rxf8 30. Qxb7 Re8 31. Nd5 Kg7 32. Qb2+ Kh6 33. Bf1 Rc8 34. Rf6 Qd7 35. Qd2+ 1-0

[Event "January 9 Early 2024"]
[Site "https://www.chess.com"]
[Date "2024.01.11"]
[Round "6"]
[White "Prudnykova, Olga"]
[Black "Aashman Gupta"]
[Result "0-1"]
[Board "137"]
[TimeControl "180+1"]
[WhiteFideId "14121093"]
[BlackFideId "45022500"]
[WhiteElo "2262"]
[BlackElo "2476"]
[WhiteTeam "ISL"]
[BlackTeam "IND"]
[WhiteClock "0:00:27"]
[BlackClock "0:00:03"]

1. e4 d5 2. exd5 Nf6 3. Nc3 Nxd5 4. Bc4 Nb6 5. Bb3 Nc6 6. Qh5 e6 7. Nf3 Be7 8. d3 O-O 9. Bg5 h6 10. h4 Nd5 11. Ne4 f5 12. Bxd5 Qxd5 13. Nc3 Qd8 14. O-O-O Qe8 15. Qxe8 Rxe8 16. Bxe7 Rxe7 17. d4 b6 18. Rhe1 Bb7 19. d5 exd5 20. Nxd5 Rxe1 21. Rxe1 Rc8 22. b4 a6 23. c4 b5 24. c5 Kf7 25. h5 Rd8 26. Nxc7 Nxb4 27. Ne5+ Kf6 28. a3 Na2+ 29. Kb2 Rd2+ 30. Kb3 a5 31. Ne8+ Kg5 32. a4 Bd5+ 0-1

[Event "January 9 Early 2024"]
[Site "https://www.chess.com"]
[Date "2024.01.11"]
[Round "6"]
[White "Cardozo Munar, Carlos Eduardo"]
[Black "Dyulgerov, Volen"]
[Result "0-1"]
[Board "138"]
[TimeControl "180+1"]
[WhiteFideId "4409477"]
[BlackFideId "2918978"]
[WhiteElo "2222"]
[BlackElo "2376"]
[WhiteTeam "COL"]
[BlackTeam "BUL"]
[WhiteClock "0:00:02"]
[BlackClock "0:00:03"]

1. d4 e5 2. dxe5 d6 3. exd6 Bxd6 4. g3 Nc6 5. c3 Nf6 6. Bg2 Bf5 7. Nf3 Qd7 8. O-O Bh3 9. Qa4 h5 10. Rd1 O-O-O 11. Bf4 Bxg2 12. Kxg2 h4 13. Bxd6 hxg3 14. fxg3 Qh3+ 15. Kg1 Ng4 16. Bxc7 Rxd1+ 17. Qxd1 Ne3 18. Nh4 Nd4 19. Na3 Rxh4 20. Kf2 Ng4+ 21. Ke1 Qxh2 22. Qxd4 Qxg3+ 23. Kd2 Kxc7 24. Qc5+ Kb8 25. Qf8+ Kc7 26. Nb5+ Kb6 0-1

[Event "January 9 Early 2024"]
[Site "https://www.chess.com"]
[Date "2024.01.11"]
[Round "6"]
[White "Al-Tarboush, Ward"]
[Black "Travkina, Anastasia"]
[Result "1-0"]
[Board "139"]
[TimeControl "180+1"]
[WhiteFideId "7601450"]
[BlackFideId "24129151"]
[WhiteElo "2625"]
[BlackElo "2429"]
[WhiteTeam "NOR"]
[BlackTeam "RUS"]
[WhiteClock "0:00:14"]
[BlackClock "0:00:21"]

1. e4 c5 2. Nf3 d6 3. d4 cxd4 4. Nxd4 Nf6 5. Nc3 g6 6. Be2 Bg7 7. O-O O-O 8. Be3 Nc6 9. h3 Nd7 10. Nb3 b6 11. Qd2 Bb7 12. Rad1 Rc8 13. Nd5 Nce5 14. Bd4 Nc4 15. Qg5 Bxd5 16. Qxd5 Bxd4 17. Qxd4 Nce5 18. f4 Nc6 19. Qe3 Nc5 20. f5 Ne5 21. Qh6 Nxb3 22. cxb3 Rc2 23. Rf4 g5 24. Qxg5+ Kh8 25. Bg4 Rg8 26. Qh4 Qc7 27. f6 e6 28. Qe1 Qc5+ 29. Kh1 Rxb2 30. Rc1 Qd4 31. Qc3 Qxc3 32. Rxc3 Rxa2 33. Rc7 a5 34. Rf1 h5 35. Bf3 Nxf3 36. Rxf3 Raxg2 37. Rf1 R2g3 38. Kh2 Rg2+ 39. Kh1 R2g3 40. Rf2 Rxh3+ 41. Rh2 Rxb3 42. Rxh5# 1-0

[Event "January 9 Early 2024"]
[Site "https://www.chess.com"]
[Date "2024.01.11"]
[Round "6"]
[White "Fier, Alexandr"]
[Black "Kanyamarala, Trisha"]
[Result "1-0"]
[Board "140"]
[TimeControl "180+1"]
[WhiteFideId "2107139"]
[BlackFideId "45004722"]
[WhiteElo "2741"]
[BlackElo "2517"]
[WhiteTeam "BRA"]
[BlackTeam "IRL"]
[WhiteClock "0:00:38"]
[BlackClock "0:00:01"]

1. d4 Nf6 2. Bg5 d5 3. Bxf6 exf6 4. e3 g6 5. g3 Bg7 6. Bg2 O-O 7. Ne2 c6 8. Nd2 Be6 9. b3 Nd7 10. c4 Nb6 11. c5 Nd7 12. b4 a5 13. a3 Re8 14. O-O Bf5 15. Qb3 Qc7 16. b5 a4 17. Qb4 Bd3 18. Rfe1 Bxb5 19. Rab1 Qa5 20. Nc3 Qxb4 21. Rxb4 Ba6 22. Rxa4 f5 23. Rc1 Bf8 24. Rb4 b6 25. Rbb1 bxc5 26. dxc5 Nxc5 27. Nf3 Nd3 28. Rc2 Bxa3 29. Nd4 Nb4 30. Rd2 Bc4 31. Bf1 Bxf1 32. Kxf1 Rec8 33. h3 c5 34. Ndb5 d4 35. exd4 cxd4 36. Rxd4 Nc6 37. Rd7 Ne5 38. Rb7 Bf8 39. Nd5 Rd8 40. Nbc7 Ra2 41. Nf6+ Kg7 42. Nce8+ Kh8 43. Re1 Bg7 44. Rxe5 Rdd2 45. Rb8 Rxf2+ 46. Ke1 1-0

[Event "January 9 Early 2024"]
[Site "https://www.chess.com"]
[Date "2024.01.11"]
[Round "6"]
[White "Sultanbek, Zeinep"]
[Black "Terziev, Dimo"]
[Result "0-1"]
[Board "141"]
[TimeControl "180+1"]
[WhiteFideId "13710419"]
[BlackFideId "2925397"]
[WhiteElo "2297"]
[BlackElo "2174"]
[WhiteTeam "KAZ"]
[BlackTeam "BUL"]
[WhiteClock "0:00:04"]
[BlackClock "0:00:03"]

1. d4 d5 2. c4 dxc4 3. Nf3 Nf6 4. g3 e6 5. Bg2 Bd6 6. O-O O-O 7. Qc2 c5 8. dxc5 Bxc5 9. Qxc4 Qe7 10. Nc3 Bb6 11. Rd1 Bd7 12. Ne5 Bc6 13. Nxc6 Nxc6 14. Bxc6 Rac8 15. Qh4 Rxc6 16. Ne4 e5 17. Bg5 Qe6 18. Nxf6+ gxf6 19. Bh6 Rfc8 20. Rd3 Qf5 21. Rad1 e4 22. Rd5 Qg6 23. e3 Rc2 24. Rd6 R2c6 25. Kg2 Qf5 26. R1d5 Qg6 27. Rxc6 Rxc6 28. Qf4 Rc8 29. Rd6 Bc7 0-1

[Event "January 9 Early 2024"]
[Site "https://www.chess.com"]
[Date "2024.01.11"]
[Round "6"]
[White "Nowak, Lukasz"]
[Black "Mesa Cruz, Juan Carlos"]
[Result "1-0"]
[Board "142"]
[TimeControl "180+1"]
[WhiteFideId "1166760"]
[BlackFideId "6423400"]
[WhiteElo "2010"]
[BlackElo "2363"]
[WhiteTeam "POL"]
[BlackTeam "DOM"]
[WhiteClock "0:00:24"]
[BlackClock "0:00:02"]

1. c4 Nf6 2. g3 e6 3. Bg2 d5 4. Nf3 Be7 5. b3 O-O 6. Bb2 c5 7. cxd5 Nxd5 8. O-O Bf6 9. d4 cxd4 10. Nxd4 Qb6 11. Na3 Rd8 12. Nc4 Qc5 13. e3 Nc6 14. Rc1 Nxd4 15. exd4 Qb5 16. Ne3 Bd7 17. Nxd5 exd5 18. Rc5 Qb4 19. Bxd5 b6 20. Rc4 Qb5 21. Bxa8 Rxa8 22. Re1 Qd5 23. Qe2 h6 24. Qe4 Be6 25. Qxd5 Bxd5 26. Rc7 h5 27. Rec1 Kh7 28. Rc8 Rxc8 29. Rxc8 Kg6 30. Rc7 a6 31. Kf1 Kf5 32. Ke2 Kg4 33. h4 g5 34. hxg5 Kxg5 35. Rd7 Bc6 36. Rd6 Bb5+ 37. Ke3 Kf5 38. Rxb6 Bg5+ 39. f4 Be7 40. a4 1-0

[Event "January 9 Early 2024"]
[Site "https://www.chess.com"]
[Date "2024.01.11"]
[Round "6"]
[White "Ingebretsen, Jens E"]
[Black "Madaminov, Mukhiddin"]
[Result "0-1"]
[Board "143"]
[TimeControl "180+1"]
[WhiteFideId "1522965"]
[BlackFideId "14210703"]
[WhiteElo "2607"]
[BlackElo "2850"]
[WhiteTeam "NOR"]
[BlackTeam "UZB"]
[WhiteClock "0:00:19"]
[BlackClock "0:00:30"]

1. c4 b6 2. d4 Bb7 3. Nc3 e6 4. a3 Nf6 5. f3 d5 6. Bg5 Nbd7 7. e3 h6 8. Bh4 a6 9. cxd5 exd5 10. Bd3 Bd6 11. Nge2 O-O 12. O-O c5 13. Kh1 Qc7 14. Bg3 Rfe8 15. Qd2 Rad8 16. Rac1 Qb8 17. Bb1 Nf8 18. Rfd1 Ne6 19. Qd3 Bxg3 20. Nxg3 g6 21. Re1 Kg7 22. Rcd1 h5 23. Nce2 h4 24. Nf1 h3 25. g3 Ng5 26. Nd2 Re7 27. Nf4 Rde8 28. Kg1 c4 29. Qc3 b5 30. Kf2 Bc8 31. Nf1 Bg4 32. fxg4 Nfe4+ 33. Kg1 Nxc3 34. bxc3 Nf3+ 35. Kf2 Nxe1 36. Rxe1 Qd6 37. Nxh3 Qxa3 38. Nf4 Qb2+ 39. Kg1 Qxc3 40. Kf2 Qb2+ 41. Kg1 c3 42. Nxd5 c2 43. Bxc2 Qxc2 44. Nxe7 Rxe7 45. d5 b4 46. d6 Rd7 47. e4 b3 0-1

[Event "January 9 Early 2024"]
[Site "https://www.chess.com"]
[Date "2024.01.11"]
[Round "6"]
[White "Jakubowski, Krzysztof"]
[Black "Matthes, Aaron"]
[Result "1-0"]
[Board "144"]
[TimeControl "180+1"]
[WhiteFideId "1112848"]
[BlackFideId "16227310"]
[WhiteElo "2677"]
[BlackElo "2398"]
[WhiteTeam "POL"]
[BlackTeam "GER"]
[WhiteClock "0:00:17"]
[BlackClock "0:00:02"]

1. e4 b6 2. d4 Bb7 3. Bd3 e6 4. Qe2 Nf6 5. e5 Ng8 6. f4 Ne7 7. Nf3 Nf5 8. O-O g6 9. Nbd2 h5 10. Ne4 Be7 11. c3 d6 12. a4 Bxe4 13. Bxe4 d5 14. Bd3 c5 15. Be3 Kf8 16. Bf2 Nc6 17. g3 cxd4 18. cxd4 Nb4 19. Bb1 Rc8 20. Ra3 Kg7 21. Rc3 Qd7 22. Rfc1 Rxc3 23. bxc3 Nc6 24. h3 Na5 25. g4 hxg4 26. hxg4 Nh4 27. f5 Nxf3+ 28. Qxf3 Bg5 29. Rf1 Nc4 30. Be1 Ne3 31. Rf2 Nc4 32. Re2 gxf5 33. gxf5 Kf8 34. Rg2 Be3+ 35. Kf1 Rh1+ 36. Ke2 Qxa4 37. fxe6 Qe8 38. Bd3 1-0

[Event "January 9 Early 2024"]
[Site "https://www.chess.com"]
[Date "2024.01.11"]
[Round "6"]
[White "Hernandez Santos, David Ale"]
[Black "Mohammadi, Melika"]
[Result "0-1"]
[Board "145"]
[TimeControl "180+1"]
[WhiteFideId "5132002"]
[BlackFideId "42529271"]
[WhiteElo "2013"]
[BlackElo "2459"]
[WhiteTeam "MEX"]
[BlackTeam "IRI"]
[WhiteClock "0:00:02"]
[BlackClock "0:00:14"]

1. d4 d5 2. Nc3 Nf6 3. Bf4 a6 4. e3 c5 5. h3 Nc6 6. a3 cxd4 7. exd4 Bf5 8. Nf3 e6 9. Bd3 Bxd3 10. Qxd3 Bd6 11. Bxd6 Qxd6 12. O-O O-O 13. Rfe1 Rac8 14. Na2 Ne4 15. c4 Na5 16. c5 Qc7 17. b4 Nc6 18. Nc3 Nxc3 19. Qxc3 Rfe8 20. a4 Ne7 21. b5 Ng6 22. Re3 e5 23. dxe5 Qxc5 24. Qxc5 Rxc5 25. Rd1 axb5 26. axb5 Rxb5 27. Nd4 Rb2 28. Nf3 Nf4 29. Kh2 Rd8 30. e6 fxe6 31. Kg3 Rf8 32. h4 Nh5+ 33. Kg4 Nf6+ 34. Kh3 Ne4 0-1

[Event "January 9 Early 2024"]
[Site "https://www.chess.com"]
[Date "2024.01.11"]
[Round "6"]
[White "Spitzl, Vinzent"]
[Black "Csonka, Balazs"]
[Result "0-1"]
[Board "146"]
[TimeControl "180+1"]
[WhiteFideId "12901253"]
[BlackFideId "742910"]
[WhiteElo "2458"]
[BlackElo "2708"]
[WhiteTeam "GER"]
[BlackTeam "HUN"]
[WhiteClock "0:00:04"]
[BlackClock "0:00:05"]

1. e4 e5 2. Nf3 Nc6 3. Bb5 a6 4. Ba4 d6 5. c3 f5 6. d3 Nf6 7. Bg5 Be7 8. Nbd2 O-O 9. Bb3+ Kh8 10. h3 h6 11. Bxf6 Bxf6 12. Qe2 a5 13. a4 Qe8 14. O-O g6 15. Rae1 f4 16. d4 exd4 17. e5 Nxe5 18. Nxe5 Qxe5 19. Qc4 Qc5 20. Qd3 Bf5 21. Ne4 Qc6 22. cxd4 d5 23. Bxd5 Qxd5 24. Nxf6 Rxf6 25. Qc3 Rc6 26. Qd2 g5 27. Re5 Qf7 28. d5 Rf6 29. Qd4 Kh7 30. Rfe1 Qg7 0-1

[Event "January 9 Early 2024"]
[Site "https://www.chess.com"]
[Date "2024.01.11"]
[Round "6"]
[White "Souleidis, Georgios"]
[Black "Hrebenshchykova, Yelyzaveta"]
[Result "1-0"]
[Board "147"]
[TimeControl "180+1"]
[WhiteFideId "4206827"]
[BlackFideId "14159899"]
[WhiteElo "2643"]
[BlackElo "2487"]
[WhiteTeam "GRE"]
[BlackTeam "UKR"]
[WhiteClock "0:00:13"]
[BlackClock "0:00:02"]

1. e4 e5 2. Nc3 Nc6 3. Bc4 Nf6 4. d3 Be7 5. f4 O-O 6. Nf3 d6 7. O-O exf4 8. Bxf4 Be6 9. Bb3 h6 10. Qd2 Na5 11. Rae1 Nxb3 12. axb3 d5 13. e5 Nh7 14. d4 Qd7 15. Ne2 f5 16. exf6 Bxf6 17. Ne5 Bxe5 18. Bxe5 Ng5 19. Qa5 b6 20. Rxf8+ Kxf8 21. Qc3 c6 22. Nf4 Bf5 23. Nh5 g6 24. Nf6 Qb7 25. Bd6+ Kf7 26. Re7+ Qxe7 27. Bxe7 Kxe7 28. Qxc6 Rd8 29. Nxd5+ Kf8 30. Qf6+ Nf7 31. c4 Re8 32. h3 Bc2 33. Nc7 Re2 34. Ne6+ Ke8 35. c5 Be4 36. Nf4 Rxb2 37. c6 1-0

[Event "January 9 Early 2024"]
[Site "https://www.chess.com"]
[Date "2024.01.11"]
[Round "6"]
[White "Santeramo, Alessia Carmen"]
[Black "Rangel, Daniel"]
[Result "0-1"]
[Board "148"]
[TimeControl "180+1"]
[WhiteFideId "850810"]
[BlackFideId "2124475"]
[WhiteElo "2317"]
[BlackElo "2498"]
[WhiteTeam "ITA"]
[BlackTeam "BRA"]
[WhiteClock "0:00:02"]
[BlackClock "0:00:42"]

1. e4 c5 2. Nf3 d6 3. Bb5+ Bd7 4. Bxd7+ Nxd7 5. O-O e6 6. Re1 Ngf6 7. c3 Be7 8. d4 cxd4 9. cxd4 d5 10. e5 Ne4 11. Be3 O-O 12. Rf1 Qb6 13. Qe2 Rac8 14. Ne1 f6 15. f3 Ng5 16. exf6 Bxf6 17. Qd2 Nf7 18. Nc3 Nd6 19. b3 Nf5 20. Nc2 Nxe3 21. Qxe3 Rc6 22. Rfd1 Qc7 23. Nb5 Qa5 24. Nba3 Rfc8 25. Rd2 Qc3 26. Rad1 a6 27. Rd3 Qa5 28. b4 Qa4 29. Rb3 Nf8 30. Rdd3 Rxc2 31. Nxc2 Rxc2 32. a3 Qc6 33. Rdc3 Rxc3 34. Rxc3 Qb6 35. Rc5 h6 36. g4 Qd6 37. Kg2 Qe7 38. f4 Qd7 39. Kf3 Be7 40. Rc2 Bd6 41. Re2 Qf7 42. h3 Kh7 43. Qd3+ Ng6 44. Qe3 Nxf4 45. Re1 Nd3+ 46. Ke2 Nxe1 47. Kxe1 Qg6 48. Kd2 Qe4 49. Qf2 Bf4+ 0-1

[Event "January 9 Early 2024"]
[Site "https://www.chess.com"]
[Date "2024.01.11"]
[Round "6"]
[White "Dominguez Perez, Leinier"]
[Black "Yeremyan, Alen"]
[Result "1-0"]
[Board "149"]
[TimeControl "180+1"]
[WhiteFideId "3503240"]
[BlackFideId "13308998"]
[WhiteElo "2971"]
[BlackElo "2772"]
[WhiteTeam "USA"]
[BlackTeam "ARM"]
[WhiteClock "0:00:07"]
[BlackClock "0:00:08"]

1. e4 c5 2. Nf3 Nc6 3. d4 cxd4 4. Nxd4 Nf6 5. Nc3 e5 6. Ndb5 d6 7. Bg5 a6 8. Na3 b5 9. Nd5 Be7 10. Bxf6 Bxf6 11. c3 O-O 12. Nc2 Bg5 13. a4 bxa4 14. Rxa4 Rb8 15. h4 Bh6 16. Bxa6 Rxb2 17. Bxc8 Qxc8 18. Rc4 Qb7 19. O-O Kh8 20. Ncb4 Nxb4 21. Rxb4 Rxb4 22. cxb4 f5 23. Qd3 fxe4 24. Qxe4 Rf4 25. Qd3 Rd4 26. Qf5 Qxd5 27. Ra1 g6 28. Qc8+ Kg7 29. Ra7+ Kf6 30. Qd8+ Kf5 31. Qc8+ Ke4 32. Qc2+ Rd3 33. Ra3 Qb5 34. Qe2+ Kd4 35. Qb2+ Kd5 36. Ra5 Rd1+ 37. Kh2 Qxa5 38. bxa5 Ke6 39. Qb3+ 1-0

[Event "January 9 Early 2024"]
[Site "https://www.chess.com"]
[Date "2024.01.11"]
[Round "6"]
[White "Blahynka, Martin"]
[Black "Javakhadze, Zurab"]
[Result "0-1"]
[Board "150"]
[TimeControl "180+1"]
[WhiteFideId "334766"]
[BlackFideId "13603647"]
[WhiteElo "2448"]
[BlackElo "2693"]
[WhiteTeam "CZE"]
[BlackTeam "GEO"]
[WhiteClock "0:00:10"]
[BlackClock "0:00:13"]

1. b3 Nf6 2. Bb2 e6 3. Nf3 Be7 4. g3 O-O 5. Bg2 d5 6. O-O c5 7. d4 Nc6 8. e3 b6 9. c4 Ba6 10. Na3 cxd4 11. Nxd4 Nxd4 12. Qxd4 Rc8 13. Nb5 Bxb5 14. cxb5 Ne8 15. Qa4 Nd6 16. Rac1 Qd7 17. Ba3 Nf5 18. Rc6 Bxa3 19. Qxa3 Ne7 20. Rcc1 Rxc1 21. Rxc1 Rc8 22. Bf1 Rxc1 23. Qxc1 Qc8 24. Qxc8+ Nxc8 25. f3 Kf8 26. Kf2 Ke7 27. e4 dxe4 28. fxe4 Kd6 29. Ke3 Ke5 30. Bd3 Nd6 31. a4 f5 32. exf5 exf5 33. h4 g6 34. Be2 h6 35. Kf3 g5 36. hxg5 hxg5 37. Bd3 Kd4 38. Bc2 Kc3 39. Bd1 Kd2 40. Be2 g4+ 41. Kf4 Kxe2 0-1

[Event "January 9 Early 2024"]
[Site "https://www.chess.com"]
[Date "2024.01.11"]
[Round "6"]
[White "De Pablo Pena, Miguel Angel"]
[Black "Vargas, Mauricio"]
[Result "1-0"]
[Board "151"]
[TimeControl "180+1"]
[WhiteFideId "2219123"]
[BlackFideId "4404572"]
[WhiteElo "2157"]
[BlackElo "1838"]
[WhiteTeam "ESP"]
[BlackTeam "COL"]
[WhiteClock "0:00:14"]
[BlackClock "0:00:08"]

1. e4 d5 2. exd5 Qxd5 3. Nc3 Qa5 4. d4 c6 5. Bd2 Qc7 6. Nf3 Nf6 7. Bc4 Bg4 8. h3 Bh5 9. O-O Nbd7 10. Re1 e6 11. Be2 Bd6 12. Ng5 Bg6 13. Bf3 O-O 14. Be3 h6 15. Nge4 Nxe4 16. Nxe4 Be7 17. c4 Rad8 18. Qe2 b6 19. a3 c5 20. Ng3 cxd4 21. Bxd4 Nc5 22. Rad1 Rfe8 23. Bh5 Bh7 24. Qf3 f5 25. Bxe8 Rxe8 26. Nh5 g6 27. Nf6+ Bxf6 28. Bxf6 Kf7 29. Bc3 e5 30. g4 e4 31. Qe3 Nd3 32. Qd4 Nxe1 33. Qg7+ Ke6 34. Qxc7 Nf3+ 35. Kh1 Re7 36. Qd6+ Kf7 37. Qf6+ Ke8 38. Qh8+ Kf7 39. Qxh7+ Ke6 40. Qxg6# 1-0

[Event "January 9 Early 2024"]
[Site "https://www.chess.com"]
[Date "2024.01.11"]
[Round "6"]
[White "Kosteniuk, Alexandra"]
[Black "Fernandez Garcia, Gumersindo"]
[Result "1-0"]
[Board "152"]
[TimeControl "180+1"]
[WhiteFideId "4128125"]
[BlackFideId "24516740"]
[WhiteElo "2761"]
[BlackElo "2387"]
[WhiteTeam "SUI"]
[BlackTeam "ESP"]
[WhiteClock "0:00:42"]
[BlackClock "0:00:05"]

1. Nf3 d5 2. g3 Nf6 3. Bg2 c6 4. O-O Bf5 5. c4 e6 6. cxd5 exd5 7. d3 Be7 8. Nc3 O-O 9. Nd4 Bg6 10. e4 dxe4 11. dxe4 Nbd7 12. Qe2 Re8 13. Rd1 Qb6 14. e5 Bh5 15. Bf3 Bxf3 16. Nxf3 Bb4 17. Be3 Qa5 18. exf6 Nxf6 19. Qc4 h6 20. a3 Bxc3 21. Qxc3 Qh5 22. Nh4 Nd5 23. Qb3 Nxe3 24. fxe3 Re4 25. Ng2 Rae8 26. Rf1 b6 27. Rad1 R4e7 28. Qc4 c5 29. Rd5 Qg6 30. Rdf5 h5 31. Qf4 Re4 32. Qf3 R4e7 33. Qxh5 Qd6 34. Rxf7 Qe6 35. Rxe7 Rxe7 36. Rd1 Re8 37. Qd5 Kf7 38. Rf1+ Ke7 39. Qg5+ Kd6 40. Qxg7 Re7 41. Qc3 Kc7 42. Rd1 Qf5 43. Nf4 Qe4 44. Nd5+ Kb7 45. Nxe7 Qxe7 46. Qd3 Qg5 47. Qd5+ Ka6 48. Qxg5 1-0